 Dungeon Crawl Stone Soup version 0.24-b1-30-g840c9efd86 (webtiles) character file.

Game seed: 11766854376157539398, levelgen mode: deterministic

59 night the Firebug (level 4, 0/36 HPs)
             Began as a Naga Fire Elementalist on Oct 23, 2019.
             Slain by an orc
             ... wielding a +0 mace of protection
              (5 damage)
             ... on level 2 of the Dungeon.
             The game lasted 00:05:41 (1048 turns).

night the Firebug (Naga Fire Elementalist)          Turns: 1048, Time: 00:05:42

Health: 0/36       AC:  2    Str: 10    XL:     4   Next: 3%
Magic:  0/8        EV: 10    Int: 16    God:
Gold:   38         SH:  0    Dex: 14    Spells: 2/8 levels left

rFire    . . .     SeeInvis +   l - +3 short sword
rCold    . . .     Gourm    .   (no shield)
rNeg     . . .     Faith    .   a - +0 robe
rPois    +         Spirit   .   (no helmet)
rElec    .         Reflect  .   (no cloak)
rCorr    .         Harm     .   (no gloves)
MR       .....                  (no barding)
Stlth    ++........             (no amulet)
HPRegen  0.12/turn              b - +2 ring of dexterity
MPRegen  0.11/turn              (no ring)

@: very slightly contaminated, very slow
A: large, see invisible, deformed body, poison resistance, slowness 2, slow
metabolism 1, spit poison 1, AC +1
a: Spit Poison


You were on level 2 of the Dungeon.
You were not hungry.

You visited 1 branch of the dungeon, and saw 2 of its levels.

You collected 38 gold pieces.

Inventory:

Hand Weapons
 l - a +3 short sword (weapon)
Missiles
 e - 53 sling bullets
 i - 30 stones (quivered)
Armour
 a - a +0 robe (worn)
Jewellery
 b - a +2 ring of dexterity (left hand)
 f - a +3 ring of intelligence {unknown}
Scrolls
 h - a scroll of blinking
Comestibles
 c - 3 rations


   Skills:
 - Level 1.5 Dodging
 - Level 3.0 Stealth
 + Level 2.7 Spellcasting
 + Level 2.2 Conjurations
 + Level 3.6 Fire Magic


You had 2 spell levels left.
You knew the following spells:

 Your Spells              Type           Power        Failure   Level  Hunger
a - Flame Tongue          Conj/Fire      ##...        6%          1    #......
b - Throw Flame           Conj/Fire      ##....       9%          2    ##.....
c - Conjure Flame         Conj/Fire      ##......     17%         3    ###....

Your spell library contained the following spells:

 Spells                   Type           Power        Failure   Level  Hunger
 Inner Flame              Hex/Fire       #.......     26%         3    ###....
 Sticky Flame             Conj/Fire      ##......     50%         4    #####..
 Fireball                 Conj/Fire      ##........   85%         5    ######.


Dungeon Overview and Level Annotations

Branches:
Dungeon (2/15)

Altars:


Innate Abilities, Weirdness & Mutations

You cannot wear boots.
Your serpentine skin is tough. (AC +1)
You have supernaturally acute eyesight. (SInv)
Armour fits poorly on your strangely shaped body.
Your system is resistant to poisons. (rPois)
You cover ground very slowly.
You have a slow metabolism.
You can spit poison.


Message History

Confirm with . or Enter, or press ? or * to list all spells.
Aiming: Flame Tongue (safe; 6% risk of failure)
Press: ? - help, Shift-Dir - straight line, f/p - orc
Aim: an orc, wielding a +0 mace of protection and wearing a +0 leather armour The flame tongue hits the orc but does no damage.
The orc hits you with a +0 mace of protection.
* * * LOW HITPOINT WARNING * * *
You hit the orc.
The orc is heavily wounded.
The orc barely misses you.
You hit the orc.
The orc is almost dead.
The orc hits you with a +0 mace of protection.
* * * LOW HITPOINT WARNING * * *
You aren't carrying any items that you can evoke.
You closely miss the orc.
The orc is almost dead.
You have got your breath back.
The orc hits you with a +0 mace of protection.
You die...

#.# #.# #.# #.#
#.##########
#######
#.#.........
#.....#
##†#.########
#.....#######....##
#.......)o@.......#
#.....#######....##
#.....# ##.###
#####.### #.#
#....o..# #.#
#.#.....# #+#
#.#.#.# #.#o#.#
#..oo.#


You could see an orc.

Vanquished Creatures
  An orc wizard (D:2)
  2 dart slugs
  An orc (D:2)
  2 giant cockroaches (D:1)
  6 goblins (D:1)
  3 hobgoblins (D:1)
  2 kobolds
  2 bats (D:1)
  3 frilled lizards (D:1)
  3 rats (D:1)
25 creatures vanquished.

Notes
Turn   | Place    | Note
-------+----------+-------------------------------------------
     0 | D:1      | night the Naga Fire Elementalist began the quest for the
                  | Orb.
     0 | D:1      | Reached XP level 1. HP: 15/15 MP: 3/3
   220 | D:1      | Reached XP level 2. HP: 22/22 MP: 1/5
   224 | D:1      | Learned a level 2 spell: Throw Flame
   790 | D:1      | Reached XP level 3. HP: 28/28 MP: 3/6
   940 | D:2      | Learned a level 3 spell: Conjure Flame
  1042 | D:2      | Reached XP level 4. HP: 12/36 MP: 0/8
  1048 | D:2      | Slain by an orc

Skill      XL: |  1  2  3 |
---------------+----------+-----
Conjurations   | 2 |  2.2
Dodging        | |  1.5
Stealth        | |  3.0
Spellcasting   | |  2.7
Fire Magic     | |  3.6

Action                   |  1- 3 |  4- 6 || total
-------------------------+-------+-------++-------
Melee: Dagger            |     7 |       ||     7
       Short sword       |     1 |     3 ||     4
 Cast: Flame Tongue      |    18 |     1 ||    19
       Throw Flame       |    12 |       ||    12
 Abil: Spit Poison       |     1 |     1 ||     2
  Use: Scroll            |     3 |       ||     3
 Stab: Sleeping          |     1 |       ||     1
  Eat: Chunk             |     1 |       ||     1
Armor: Robe              |     1 |       ||     1
Dodge: Dodged            |     8 |     1 ||     9
